 Dungeon Crawl Stone Soup version 0.29-a0-375-g5102b3be25 (webtiles) character file.

Game seed: 17027655990782754339

7 flotson the Sneak (level 1, -1/18 HPs)
             Began as a Demonspawn Delver on May 3, 2022.
             Slain by an orc
             ... wielding a +0 short sword
              (2 damage)
             ... on level 3 of the Dungeon.
             The game lasted 00:00:56 (269 turns).

flotson the Sneak (Demonspawn Delver)                Turns: 269, Time: 00:00:56

Health: -1/18      AC:  9    Str: 12    XL:     1   Next: 83%
Magic:  1/1        EV:  5    Int: 11    God:
Gold:   50         SH:  0    Dex: 14    Spells: 0/0 levels left

rFire   . . .      SeeInvis .   k - +0 flail
rCold   . . .      Faith    .   (no shield)
rNeg    . . .      Spirit   .   n - +0 chain mail
rPois   .          Reflect  .   (no helmet)
rElec   .          Harm     .   (no cloak)
rCorr   .          Rampage  .   (no gloves)
Will    .....                   l - +0 pair of boots
Stlth   ..........              (no amulet)
HPRegen 0.06/turn               (no ring)
MPRegen 0.07/turn               (no ring)

@: no status effects
A: no striking features
a: no special abilities


You were on level 3 of the Dungeon.
You visited 1 branch of the dungeon, and saw 3 of its levels.

You collected 50 gold pieces.

Inventory:

Hand Weapons
 a - a +0 spear
 k - a +0 flail (weapon)
Armour
 b - a +0 leather armour
 l - a +0 pair of boots (worn)
 n - a +0 chain mail (worn)
Jewellery
 h - an amulet of magic regeneration
Wands
 g - a wand of digging (3)
Scrolls
 c - a scroll of fog
 d - 2 scrolls of magic mapping
 e - a scroll of fear
 j - 2 scrolls of identify {unknown}
 m - a scroll of amnesia {unknown}
Potions
 f - a potion of haste
 i - a potion of heal wounds {unknown}


   Skills:
 + Level 3.1 Fighting
 + Level 1.9 Polearms
 + Level 0.4 Armour
 + Level 1.9 Dodging
 - Level 4.5 Stealth


You couldn't memorise any spells.
You didn't know any spells.
Your spell library was empty.

Dungeon Overview and Level Annotations

Branches:
Dungeon (5/15)
 Temple: D:4-7

Altars:


Message History

No target in view!
d - 2 scrolls of magic mapping (gained 1) 2 orcs come into view.
Found 14 gold pieces.
The orc shouts! x2
You see here a +0 dagger.
You closely miss the orc. The orc hits you but does no damage.
You barely miss the orc. The orc hits you but does no damage.
You hit the orc.
The orc is lightly wounded.
The orc barely misses you. The orc hits you but does no damage.
The orc hits you with a +0 war axe. The orc hits you with a +0 short sword.
You barely miss the orc.
The orc is lightly wounded.
The orc hits you with a +0 war axe! The orc barely misses you.
You are too injured to fight recklessly!
You are too injured to fight recklessly!
The orc attacks as you move away! The orc hits you with a +0 short sword.
* * * LOW HITPOINT WARNING * * *
The orc hits you with a +0 war axe.
* * * LOW HITPOINT WARNING * * *
You thump the orc!
You kill the orc!
You hit the orc but do no damage.
The orc is lightly wounded.
The orc hits you but does no damage. x2
You hit the orc.
The orc is severely wounded.
The orc hits you but does no damage.
You hit the orc.
The orc is almost dead.
The orc hits you but does no damage. The orc hits you with a +0 short sword.
* * * LOW HITPOINT WARNING * * *
You hit the orc but do no damage.
The orc is almost dead.
The orc hits you but does no damage.
You hit the orc but do no damage.
The orc is almost dead.
The orc hits you with a +0 short sword.
You die...

.#.. # .#.# .#.#####.#.#
.........#.# #.###
.o..o....#.# . ....
.####)##.######. .. ....
..##............ .. #..#
#.##o##..#####.. ...#..#
#.##@##..# ...#..# #.##.#...#
......# #.##.#...### #
...#..# #.##.......###.##
#..>.# #...............#
#..#.#######.##....†.......#
#....>.............)##.......
...........>.#^###...#
.....## .#.............#
##### .....#


You could see an orc.

Vanquished Creatures
  An orc (D:3)
  A giant cockroach (D:3)
  2 goblins (D:3)
  A rat (D:3)
5 creatures vanquished.

Notes
Turn   | Place    | Note
-------+----------+-------------------------------------------
     0 | D:5      | flotson the Demonspawn Delver began the quest for the Orb.
     0 | D:5      | Reached XP level 1. HP: 18/18 MP: 1/1
     3 | D:5      | Noticed an orc wizard
   269 | D:3      | Slain by an orc

Illustrated notes

Levels and vault maps discovered:
D:3:      minmay_octagon_keep, layout_loops_ring, nemelex_dance_club_becter,
          uniq_terence
D:4:      cheibrodos_fertilizer, layout_gridville,
          minmay_temple_entry_butterflies, minmay_statues_item, uniq_natasha
D:5:      layout_basic

Action                   || total
-------------------------++-------
Melee: Flail             ||    22
Armor: Chain mail        ||     8
       Leather armour    ||     4
Dodge: Dodged            ||     9

Table legend: (Time is in decaauts)
 A = Elapsed time spent in this place.
 B = Non-inter-level travel time spent in this place.
 C = Inter-level travel time spent in this place.
 D = Time resting spent in this place.
 E = Time spent auto-exploring this place.
 F = Levels seen in this place.
 G = Mean time per level.
                   A        B        C        D        E       F      G
               +--------+--------+--------+--------+--------+-----+--------+
         Total |    276 |    276 |      0 |      0 |    130 |   3 |   92.0 |
       Dungeon |    276 |    276 |      0 |      0 |    130 |   3 |   92.0 |
               +--------+--------+--------+--------+--------+-----+--------+

Top non-repeatable levels by time:
     D:5: 155 daAuts
     D:3: 106 daAuts
     D:4: 15 daAuts
